 Dungeon Crawl Stone Soup version 0.23-b1-58-ge3fafae (webtiles) character file.

Game seed: 1429675898626605106

66 doot the Gusty (level 4, -5/24 HPs)
             Began as a Tengu Air Elementalist on Feb 5, 2019.
             Slain by a hobgoblin (6 damage)
             ... led by Robin
             ... on level 3 of the Dungeon.
             The game lasted 00:05:45 (2321 turns).

doot the Gusty (Tengu Air Elementalist)             Turns: 2321, Time: 00:05:46

Health: -5/24      AC:  2    Str:  9    XL:     4   Next: 15%
Magic:  1/8        EV: 13    Int: 16    God:
Gold:   133        SH:  0    Dex: 14    Spells: 4/8 levels left

rFire    . . .     SeeInvis .   d - -2 spear (curse)
rCold    . . .     Gourm    .   (no shield)
rNeg     . . .     Faith    .   a - +0 robe
rPois    .         Spirit   .   (helmet restricted)
rElec    .         Reflect  .   (no cloak)
rCorr    .         Harm     .   (no gloves)
MR       .....                  (boots unavailable)
Stlth    ++........             (no amulet)
HPRegen  0.08/turn              (no ring)
MPRegen  0.11/turn              (no ring)

@: very slightly contaminated
A: beak, talons 3
a: no special abilities


You were on level 3 of the Dungeon.
You were not hungry.

You visited 1 branch of the dungeon, and saw 3 of its levels.

You collected 133 gold pieces.

Inventory:

Hand Weapons
 b - a +2 falchion of holy wrath
 d - a cursed -2 spear (weapon)
Armour
 a - a +0 robe (worn)
Scrolls
 e - 2 scrolls of amnesia {unknown}
 f - a scroll of teleportation
 h - a scroll of enchant armour
Comestibles
 c - 6 rations


   Skills:
 + Level 0.1 Polearms
 + Level 2.3 Dodging
 + Level 2.2 Stealth
 + Level 2.6 Spellcasting
 + Level 2.4 Conjurations
 + Level 5.2 Air Magic


You had 4 spell levels left.
You knew the following spells:

 Your Spells              Type           Power        Failure   Level  Hunger
a - Shock                 Conj/Air       ##..         4%          1    #......
b - Static Discharge      Conj/Air       ##......     12%         3    ###....

Your spell library contained the following spells:

 Spells                   Type           Power        Failure   Level  Hunger
 Swiftness                Chrm/Air       ##......     10%         2    ##.....
 Airstrike                Air            ###.......   22%         4    #####..
 Lightning Bolt           Conj/Air       ##........   73%         5    ######.


Dungeon Overview and Level Annotations

Branches:
Dungeon (3/15)

Altars:

Annotations:
D:3 Robin


Innate Abilities, Weirdness & Mutations

You have a beak for a mouth.
You have claws for feet.


Message History

The goblin hits you but does no damage. The goblin hits you with a +0 dagger.
The goblin barely misses you.
Robin roars a battlecry!
The goblins go into a battle-frenzy!
Robin throws the goblin at you! The goblin hits you but does no damage.
You hit the goblin but do no damage. You claw the goblin.
The goblin is moderately wounded.
The hobgoblin misses you. The goblin hits you.
The goblin completely misses you.
You hit the goblin.
The goblin is severely wounded.
The goblin hits you.
* * * LOW HITPOINT WARNING * * *
The goblin barely misses you.
Robin hits you with a +1 whip of electrocution.
* * * LOW HITPOINT WARNING * * *
The hobgoblin closely misses you. The goblin hits you.
* * * LOW HITPOINT WARNING * * *
Robin throws the goblin at you! The hobgoblin hits you.
You die...

#..####.##......?...##
#.....).............#
#.###†.#.......>....###
#...#.##..............# .
#..(##..)[.........[#
....#..###.#(...........#
.............)†..........#
.....#..##.(....g........#
...............@.........#
.....#........#g.........#
...........##..g.g.......#
..............#..........#
..####################..#
####


You could see Robin, a hobgoblin and 2 goblins.

Vanquished Creatures
  2 adders (D:2)
  2 worms (D:2)
  A dart slug (D:1)
  2 leopard geckos (D:2)
  2 giant cockroaches
  9 goblins
  5 hobgoblins
  4 kobolds
  A ball python (D:1)
  4 bats
  2 frilled lizards (D:1)
  5 rats
39 creatures vanquished.

Notes
Turn   | Place    | Note
-------+----------+-------------------------------------------
     0 | D:1      | doot the Tengu Air Elementalist began the quest for the
                  | Orb.
     0 | D:1      | Reached XP level 1. HP: 10/10 MP: 4/4
   165 | D:1      | Reached XP level 2. HP: 15/15 MP: 0/6
  1333 | D:2      | Reached XP level 3. HP: 2/19 MP: 0/7
  1418 | D:2      | Learned a level 3 spell: Static Discharge
  1585 | D:2      | Reached skill level 5 in Air Magic
  2265 | D:3      | Noticed Robin
  2269 | D:3      | Reached XP level 4. HP: 21/24 MP: 4/8
  2320 | D:3      | HP: 1/24 [goblin[Robin] (2)]
  2321 | D:3      | Slain by a hobgoblin

Skill      XL: |  1  2  3 |
---------------+----------+-----
Conjurations   | 2 |  2.4
Air Magic      | 5 |  5.2
Polearms       | |  0.1
Dodging        | |  2.3
Stealth        | |  2.2
Spellcasting   | |  2.6

Action                   |  1- 3 |  4- 6 || total
-------------------------+-------+-------++-------
Melee: Spear             |    12 |     4 ||    16
       Kick              |     2 |     2 ||     4
       Peck              |     1 |       ||     1
 Cast: Shock             |    82 |     2 ||    84
       Static Discharge  |     2 |     2 ||     4
  Use: Scroll            |     5 |       ||     5
       Potion            |     2 |       ||     2
  Eat: Chunk             |     6 |       ||     6
Armor: Robe              |     6 |    10 ||    16
       Skin              |     1 |       ||     1
Dodge: Dodged            |    19 |    19 ||    38
